 Dungeon Crawl Stone Soup version 0.20-a0-351-gc9b4002 (webtiles) character file.

322 siimphh the Shield-Bearer (level 6, -2/40 HPs)
             Began as a Gargoyle Fighter on Dec 26, 2016.
             Killed by divine providence
             ... invoked by an orc priest
              (14 damage)
             ... on level 3 of the Dungeon.
             The game lasted 00:21:31 (2734 turns).

siimphh the Shield-Bearer (Gargoyle Fighter)        Turns: 2734, Time: 00:21:31

Health: -2/40      AC: 19    Str: 22    XL:     6   Next: 47%
Magic:  6/6        EV:  5    Int:  8    God:
Gold:   97         SH:  9    Dex:  9    Spells: 5/5 levels left

rFire  . . .     SeeInvis .     a - +0 flail
rCold  . . .     Gourm    .     A - +0 plate armour
rNeg   + . .     Faith    .     c - +0 shield
rPois  ∞         Spirit   .     t - +0 helmet
rElec  +         Reflect  .     p - +0 cloak
rCorr  .         Harm     +     (no gloves)
MR     .....                    (no boots)
Stlth  ..........               l - amulet of harm
                                (no ring)
                                (no ring)

@: no status effects
A: rugged brown scales 1, negative energy resistance 1, electricity resistance,
unbreathing, petrification resistance, rot immunity, AC +4
a: no special abilities


You were on level 3 of the Dungeon.
You were not hungry.

You visited 1 branch of the dungeon, and saw 3 of its levels.

You collected 97 gold pieces.

Inventory:

Hand Weapons
 a - a +0 flail (weapon)
 v - a +3 quarterstaff of chaos
 w - a +0 mace
Armour
 c - a +0 shield (worn)
 j - a +2 ring mail of poison resistance
 p - a +0 cloak (worn)
 t - a +0 helmet (worn)
 A - a +0 plate armour (worn)
Jewellery
 l - an amulet of harm (around neck)
Wands
 m - a wand of random effects (27/48)
Scrolls
 h - a scroll of amnesia {unknown}
 n - 3 scrolls of fog
 q - 2 scrolls of teleportation {unknown}
 s - a scroll of identify
 x - a scroll of noise {unknown}
 y - a scroll of immolation {unknown}
Potions
 d - a potion of might
 i - a potion of lignification {unknown}
 r - a potion of resistance {unknown}
 u - a potion of berserk rage {unknown}
Comestibles
 f - a bread ration
 g - a slice of pizza
 k - 2 beef jerkies
 z - 3 chunks of flesh


   Skills:
 + Level 4.3 Fighting
 + Level 3.8 Maces & Flails
 + Level 4.1 Armour
 + Level 1.4 Dodging
 + Level 0.5 Stealth
 + Level 4.9 Shields


You had 5 spell levels left.
You didn't know any spells.

Dungeon Overview and Level Annotations

Branches:
Dungeon (3/15)

Altars:
Ashenzari
Elyvilon
Yredelemnul
The Shining One


Innate Abilities, Weirdness & Mutations

You are resistant to torment.
Your stone body is resilient. (AC +4)
You are immune to poison.
You resist negative energy. (rN+)
You are resistant to electric shocks. (rElec)
You can survive without breathing.
You are immune to petrification.
You are immune to rotting.
You are partially covered in rugged brown scales. (AC +1, +3% HP)


Message History

The orc priest invokes the aid of Beogh against you.
Beogh smites you!
* * * LOW HITPOINT WARNING * * *
You block the orc's attack. You block the orc priest's attack.
You feel better. The orc hits you but does no damage.
You block the orc priest's attack.
It was a potion of cure mutation.
It has a very clean taste.
You feel slightly disoriented.
Your thinking seems confused.
You feel more encumbered by your armour.
You no longer feel cold resistant.
The orc priest looks braver for a moment.
The orc hits you but does no damage.
The orc priest hits you but does no damage.
The orc wizard casts a spell.
The orc wizard flickers and vanishes!
Deactivating autopickup; reactivate with Ctrl-A.
Autopickup is now on.
The orc priest invokes the aid of Beogh against you.
Beogh smites you!
You die...

##.....=.# #.)...##.#
#.#.###.# #.....##.## #o#.##
#.......... #....# #
#.....##.#. #.#..# .#
#.....##.#.
#.##.##.#####.#.##...
#o{oo...........####.
####o.####..#.#...... #####
#@.......#.#.#####
######.).#
####..##......#.#####
.........#
#...........###......
###.###..#
#.##.............####
....###..#
#.##............##
##..###..# #.##.........####
##...#...# #.##...........#
.....#...####..............#
###.._........###..........#


You could see 2 orc priests and an orc.

Vanquished Creatures
  Sigmund (D:2)
  Crazy Yiuf (D:2)
  Terence (D:2)
  Robin (D:2)
  2 adders
  2 worms (D:3)
  2 dart slugs (D:1)
  2 leopard geckos
  An orc (D:3)
  9 bats
  A giant cockroach (D:3)
  11 goblins
  15 hobgoblins
  6 kobolds
  A ball python (D:2)
  3 frilled lizards
  9 rats
  A plant (D:1)
69 creatures vanquished.

Notes
Turn   | Place    | Note
-------+----------+-------------------------------------------
     0 | D:1      | siimphh the Gargoyle Fighter began the quest for the Orb.
     0 | D:1      | Reached XP level 1. HP: 14/14 MP: 1/1
   184 | D:1      | Reached XP level 2. HP: 19/19 MP: 2/2
   455 | D:1      | Reached XP level 3. HP: 22/23 MP: 3/3
   831 | D:2      | Found a glowing golden altar of the Shining One.
   948 | D:2      | Found a runed door.
  1478 | D:2      | Noticed Robin
  1498 | D:2      | Killed Robin
  1498 | D:2      | Reached XP level 4. HP: 20/29 MP: 4/4
  1736 | D:2      | Noticed Crazy Yiuf
  1740 | D:2      | Killed Crazy Yiuf
  1865 | D:3      | Found a shattered altar of Ashenzari.
  1939 | D:3      | Reached XP level 5. HP: 33/33 MP: 5/5
  1958 | D:3      | Noticed Sigmund
  1958 | D:3      | Noticed Terence
  2020 | D:2      | Gained mutation: Your flesh is cold resistant. (rC+) [potion of mutation]
  2020 | D:2      | Gained mutation: You are partially covered in rugged brown scales. (AC +1, +3% HP) [potion of mutation]
  2021 | D:2      | Gained mutation: You possess an exceptional clarity of mind. [potion of mutation]
  2021 | D:2      | Gained mutation: You passively map a small area around you. [potion of mutation]
  2021 | D:2      | Gained mutation: Your movements are slightly less encumbered by armour. (ER -2) [potion of mutation]
  2031 | D:2      | Killed Terence
  2069 | D:2      | Killed Sigmund
  2069 | D:2      | Reached skill level 1 in Dodging
  2069 | D:2      | Reached XP level 6. HP: 18/40 MP: 6/6
  2549 | D:3      | Found a basalt altar of Yredelemnul.
  2634 | D:3      | Found a white marble altar of Elyvilon.
  2733 | D:3      | Lost mutation: You passively map a small area around you. [potion of cure mutation]
  2733 | D:3      | Lost mutation: You possess an exceptional clarity of mind. [potion of cure mutation]
  2733 | D:3      | Lost mutation: Your movements are slightly less encumbered by armour. (ER -2) [potion of cure mutation]
  2733 | D:3      | Lost mutation: Your flesh is cold resistant. (rC+) [potion of cure mutation]
  2734 | D:3      | Killed from afar by an orc priest

Vault maps used:
D:1:      roderic_crop_circles_arrival_small
D:2:      tso_metal_star, uniq_robin, uniq_crazy_yiuf_cottage
D:3:      kennysheep_ying_yang, cheibrodos_ashenzari_chains, marbit_many_paths,
          grunt_ministairs_11, uniq_sigmund, uniq_terence

Skill      XL: |  1  2  3  4  5 |
---------------+----------------+-----
Maces & Flails | 3 |  3.8
Fighting       | 4 |  4.3
Shields        | 4 |  4.9
Armour         | 4 |  4.1
Dodging        | 1 |  1.4
Stealth        | |  0.5

Action                   |  1- 3 |  4- 6 || total
-------------------------+-------+-------++-------
Melee: Flail             |   176 |    79 ||   255
       Mace              |       |    24 ||    24
  Use: Potion            |       |     7 ||     7
       Scroll            |       |     5 ||     5
  Eat: Chunk             |     2 |     2 ||     4
       Bread ration      |       |     1 ||     1
Armor: Scale mail        |    98 |    50 ||   148
       Plate armour      |       |    20 ||    20
Dodge: Dodged            |    46 |    38 ||    84
Block: Shield            |    85 |    80 ||   165
